Map: Blackburn LE

Players

Neeb - Winner!

  • Race: Protoss Protoss

Namshar

  • Race: Zerg Zerg
  • League: Master

Event: DreamHack SC2 Masters 2021 Summer

VOD

Have the link to the VOD?

Description

Time

  • Played on: May 25, 2021, 3:51 p.m.
  • Length: 5:48

All games in this series

Show
View Real Time Build Order
Export as new Build Order

Neeb Protoss - Winner!

Build Orders: 1 Gate Expand, Mass Adepts 

Get SALT Encoding   

  12  0:00  Probe  
  13  0:12  Probe  
  14  0:20  Pylon  
  14  0:24  Probe  
  15  0:38  Probe (Chrono Boost)  
  15  0:40  Gateway  
  16  0:47  Probe (Chrono Boost)  
  17  0:50  Assimilator  
  17  0:52  Probe (Chrono Boost)  
  18  1:04  Probe  
  19  1:16  Probe  
  20  1:27  Nexus  
  20  1:37  Cybernetics Core  
  20  1:41  Probe  
  20  1:45  Assimilator  
  21  1:53  Probe  
  22  1:55  Pylon  
  22  2:05  Probe (Chrono Boost)  
  23  2:11  Adept (Chrono Boost)  
  23  2:14  Probe (Chrono Boost), Warp Gate  
  26  2:19  Probe  
  27  2:24  Twilight Council  
  27  2:32  Probe  
  27  2:34  Adept  
  30  2:39  Probe  
  30  2:44  Probe  
  32  2:50  Robotics Facility  
  32  2:57  Gateway  
  32  3:06  Gateway  
  32  3:09  Resonating Glaives (Chrono Boost)  
  32  3:10  Gateway  
  32  3:16  Probe  
  32  3:18  Probe  
  34  3:22  Adept  
  36  3:28  Probe  
  36  3:30  Probe  
  36  3:34  Warp Prism (Chrono Boost)  
  40  3:42  Pylon  
  40  3:45  Probe x2  
  42  3:49  Pylon  
  42  4:02  Adept  
  42  4:03  Adept x2  
  42  4:05  Adept  
  42  4:08  Probe x2  
  52  4:23  Adept x3  
  58  4:25  Adept  
  58  4:28  Probe, Pylon  
  61  4:31  Probe  
  62  4:46  Probe  
  62  4:48  Pylon, Adept x3  
  62  4:51  Assimilator  
  62  4:52  Adept  
  69  4:53  Probe  
  69  4:58  Probe  
  61  5:06  Assimilator  
  60  5:08  Forge  
  57  5:14  Adept x4  
  57  5:18  Probe  
  57  5:20  Probe  
  61  5:35  Adept x4  
Show
View Real Time Build Order
Export as new Build Order

Namshar Zerg 

Build Orders: Hatch First 

Get SALT Encoding   

  12  0:00  Drone  
  13  0:11  Overlord  
  13  0:17  Drone  
  14  0:30  Drone x2  
  16  0:38  Drone  
  17  0:51  Hatchery  
  17  0:54  Drone  
  17  0:58  Drone  
  18  1:08  Extractor  
  17  1:12  Spawning Pool  
  17  1:16  Drone  
  17  1:19  Drone  
  18  1:28  Drone  
  19  1:40  Drone  
  20  1:49  Overlord  
  20  1:59  Queen  
  22  2:03  Queen, Zergling x4  
  22  2:08  Metabolic Boost  
  26  2:11  Drone  
  26  2:14  Drone  
  28  2:21  Drone  
  29  2:25  Drone  
  30  2:32  Drone  
  30  2:36  Drone  
  32  2:44  Hatchery  
  31  2:46  Zergling x2  
  31  2:48  Zergling x2  
  33  2:55  Overlord  
  33  2:58  Overlord  
  33  3:05  Drone  
  34  3:06  Queen  
  36  3:15  Drone x2  
  36  3:16  Drone x3  
  41  3:21  Drone x2  
  41  3:26  Overlord  
  43  3:29  Spore Crawler  
  43  3:33  Drone x2  
  44  3:36  Overlord  
  44  3:42  Overlord  
  44  3:47  Drone x3  
  48  3:51  Roach Warren  
  48  3:52  Queen  
  49  4:03  Queen  
  49  4:07  Drone, Spine Crawler  
  49  4:09  Spine Crawler  
  51  4:17  Zergling x12  
  56  4:24  Zergling x8  
  56  4:27  Zergling x4  
  58  4:38  Zergling x8  
  53  4:58  Zergling x12  
  50  5:03  Zergling x8  
  43  5:14  Roach x2  
Tags
 
Add a new tag
Caveats
  • Supply blocks, unpowered buildings, or Contaminate may cause inaccurate times.
  • Supply counts are checked every 10 seconds.